 Dungeon Crawl Stone Soup version 0.32-a0-13-gbaedc5810e (webtiles) character file.

Game seed: 16071673335399151612

2181067 Salticid the Petrodigitator (level 27, 190/190 HPs)
             Began as a Gargoyle Earth Elementalist on Jan 14, 2024.
             Was the Champion of Nemelex Xobeh.
             Escaped with the Orb
             ... and 4 runes on Jan 15, 2024!
             The game lasted 08:29:54 (80175 turns).

Salticid the Petrodigitator (GrEE)                 Turns: 80175, Time: 08:29:55

Health: 190/190    AC: 49    Str: 23    XL:     27
Magic:  52/52      EV: 14    Int: 39    God:    Nemelex Xobeh [******]
Gold:   2264       SH: 23    Dex: 12    Spells: 0/58 levels left

rFire   . . .        P - +9 quick blade (distort)
rCold   + . .        S - +3 kite shield of Demons {MP+9 Int+6 Stlth-}
rNeg    + . .        n - +7 ring mail "Lacaogam" {Int+3 Stlth+}
rPois   ∞            D - +0 helmet "Numyb" {rC+ rCorr Str+4}
rElec   +            F - +1 cloak of Gozag {Slay+4}
rCorr   +            m - +2 pair of gloves {Dex+3}
SInv    .            o - +2 pair of boots {rampage}
Will    +++..        t - brooch of Shielding {Spirit SH+8}
Stlth   +            j - +6 ring of intelligence
HPRegen 0.51/turn    a - ring of willpower
MPRegen 0.33/turn

%: guardian spirit, rampage
@: flying, studying 5 skills
A: sickness immunity, AC +20, big wings, negative energy resistance 1,
electricity resistance, torment resistance 1, petrification resistance,
iridescent scales 1, dopey 1, screaming 2, strong 1, teleportitis 1
0: Orb of Zot
}: 4/15 runes: decaying, serpentine, slimy, silver
a: Renounce Religion, Draw Escape, Draw Destruction, Draw Summoning, Triple
Draw, Deal Four, Stack Five


You escaped.
You worshipped Nemelex Xobeh.
Nemelex Xobeh was exalted by your worship.
You visited 12 branches of the dungeon, and saw 56 of its levels.
You visited 2 bazaars.
You also visited: Bailey, Gauntlet, Ice Cave and Wizlab.

You collected 8771 gold pieces.
You spent 6507 gold pieces at shops.

Inventory:

Hand Weapons
 P - a +9 quick blade of distortion (weapon)
Missiles
 r - 21 curare-tipped darts
 v - 17 silver javelins
 Q - 11 throwing nets
Armour
 m - a +2 pair of gloves of dexterity (worn)
 n - the +7 ring mail "Lacaogam" (worn) {Int+3 Stlth+}
   (You bought it in a shop in a bazaar)

   Int+3:     It affects your intelligence (+3).
   Stlth+:    It makes you more stealthy.
 o - a +2 pair of boots of rampaging (worn)
 D - the +0 helmet "Numyb" (worn) {rC+ rCorr Str+4}
   (You found it on level 3 of the Elven Halls)

   Str+4:     It affects your strength (+4).
   rC+:       It protects you from cold.
   rCorr:     It protects you from acid and corrosion.
 F - the +1 cloak of Gozag (worn) {Slay+4}
   (You found it on level 5 of the Vaults)

   Slay+4:    It affects your accuracy & damage with ranged weapons and melee
   (+4).
 G - a +2 cloak of willpower
 S - the +3 kite shield of Demons (worn) {MP+9 Int+6 Stlth-}
   (You took it off Asterion on level 4 of the Snake Pit)

   Int+6:     It affects your intelligence (+6).
   MP+9:      It affects your magic capacity (+9).
   Stlth-:    It makes you less stealthy.
Jewellery
 a - a ring of willpower (right hand)
 e - a ring of wizardry
 g - a ring of see invisible
 h - the ring of Vadiax {rElec rPois rF+++ rN+ Str-4 Dex-2}
   (You took it off a skeletal warrior on level 3 of the Crypt)

   [ring of positive energy]

   Str-4:     It affects your strength (-4).
   Dex-2:     It affects your dexterity (-2).
   rF+++:     It renders you almost immune to fire.
   rElec:     It insulates you from electricity.
   rPois:     It protects you from poison rN+: It protects you from negative
   energy.
 j - a +6 ring of intelligence (left hand)
 t - the brooch of Shielding (around neck) {Spirit SH+8}
   (You took it off a spriggan berserker on level 3 of the Depths)

   [amulet of guardian spirit]

   Spirit:    It causes incoming damage to be divided between your reserves of
   health and magic.
   SH+8:      It affects your SH (+8).
 H - the ring of the Thieving Gods {rC+ Str+3 Dex+4}
   (You found it on level 3 of the Depths)

   [ring of protection from cold]

   Str+3:     It affects your strength (+3).
   Dex+4:     It affects your dexterity (+4).
   rC+:       It protects you from cold.
Wands
 L - a wand of paralysis (58)
 U - a wand of acid (12)
 W - a wand of digging (24)
 Z - a wand of iceblast (15)
Scrolls
 k - 20 scrolls of teleportation
 x - 2 scrolls of blinking
 y - 13 scrolls of poison
 z - 6 scrolls of torment
 C - 10 scrolls of amnesia
 I - 10 scrolls of vulnerability
 J - 6 scrolls of fear
 K - 5 scrolls of silence
 M - 12 scrolls of immolation
 O - a scroll of revelation
 T - 10 scrolls of fog
 V - 3 scrolls of summoning
Potions
 b - 4 potions of magic
 c - 4 potions of resistance
 i - 7 potions of brilliance
 l - 5 potions of invisibility
 q - 28 potions of curing
 s - 8 potions of lignification
 u - 8 potions of might
 w - 2 potions of heal wounds
 B - 13 potions of enlightenment
 E - a potion of cancellation
 N - 9 potions of haste
 R - 3 potions of mutation
 X - 4 potions of ambrosia
Miscellaneous
 d - a condenser vane
 f - a phial of floods
 p - a phantom mirror
 A - a lightning rod (4/4)
 Y - a sack of spiders


   Skills:
 - Level 24.0 Fighting
 - Level 13.9(14.0) Short Blades
 - Level 2.0(9.2) Long Blades
 - Level 2.0 Staves
 - Level 13.5 Armour
 - Level 9.0 Dodging
 - Level 6.0 Stealth
 + Level 14.2 Shields
 - Level 16.0 Spellcasting
 - Level 20.0 Conjurations
 - Level 11.0 Summonings
 - Level 5.0 Necromancy
 - Level 5.0 Translocations
 - Level 14.0 Fire Magic
 - Level 10.0 Air Magic
 O Level 27 Earth Magic
 - Level 6.0 Alchemy
 - Level 15.0 Invocations
 - Level 6.0 Evocations


You couldn't memorise any spells.
You knew the following spells:

 Your Spells              Type           Power      Damage    Failure   Level
a - Apportation           Tloc           100%       N/A       1%          1
b - Passwall              Erth           100%       N/A       0%          3
c - Lehudib's Crystal Sp  Conj/Erth      60%        10d14     1%          8
d - Shatter               Erth           63%        3d47*     3%          9
e - Blink                 Tloc           100%       N/A       1%          2
f - Spellforged Servitor  Conj/Summ      50%        N/A       3%          7
h - Arcjolt               Conj/Air       49%        1d59      1%          5
i - Borgnjor's Vile Clut  Necr/Erth      51%        N/A       1%          5
j - Irradiate             Conj/Alch      46%        3d27      1%          5
k - Plasma Beam           Fire/Air       45%        2x1d59    2%          6
l - Vhi's Electric Charg  Tloc/Air       100%       N/A       1%          4
m - Fugue of the Fallen   Necr           63%        N/A       1%          3

Your spell library contained the following spells:

 Spells                   Type           Power      Damage    Failure   Level
 Kiss of Death            Conj/Necr      100%       2d13      0%          1
 Magic Dart               Conj           100%       1d8       0%          1
 Sandblast                Erth           100%       2d20      0%          1
 Shock                    Conj/Air       100%       1d9       0%          1
 Sting                    Conj/Alch      100%       1d9       0%          1
 Searing Ray              Conj           100%       2d8       0%          2
 Static Discharge         Conj/Air       100%       3-8/arc   0%          2
 Stone Arrow              Conj/Erth      100%       3d13      0%          3
 Animate Armour           Summ/Erth      100%       N/A       0%          4
 Brom's Barrelling Bould  Conj/Erth      100%       2d11      0%          4
 Iskenderun's Battlesphe  Conj           100%       2d15      0%          5
 Lee's Rapid Deconstruct  Erth           63%        3d29*     0%          5
 Necrotise                Necr           100%       1d9       1%          1
 Summon Small Mammal      Summ           100%       N/A       1%          1
 Call Imp                 Summ           100%       N/A       1%          2
 Lesser Beckoning         Tloc           100%       N/A       1%          2
 Mercury Vapours          Alch/Air       100%       N/A       1%          2
 Call Canine Familiar     Summ           86%        N/A       1%          3
 Dazzling Flash           Conj/Hex       100%       N/A       1%          3
 Gell's Gravitas          Tloc           63%        N/A       1%          3
 Hailstorm                Conj/Ice       83%        3d14      1%          3
 Mephitic Cloud           Conj/Alch/Air  90%        N/A       1%          3
 Swiftness                Air            83%        N/A       1%          3
 Teleport Other           Tloc           63%        N/A       1%          3
 Vampiric Draining        Necr           63%        2d10      1%          3
 Volatile Blastmotes      Fire/Tloc      100%       2d18      1%          3
 Airstrike                Air            41%        2d(6-22)  1%          4
 Fulminant Prism          Conj/Alch      46%        3d21      1%          4
 Ignite Poison            Fire/Alch      83%        N/A       1%          4
 Iskenderun's Mystic Bla  Conj/Tloc      91%        2d18      1%          4
 Leda's Liquefaction      Alch/Erth      51%        N/A       1%          4
 Martyr's Knell           Necr/Summ      76%        N/A       1%          4
 Olgreb's Toxic Radiance  Alch           67%        N/A       1%          4
 Petrify                  Alch/Erth      100%       N/A       1%          4
 Sticky Flame             Fire/Alch      83%        2d13      1%          4
 Summon Blazeheart Golem  Fire/Summ      91%        N/A       1%          4
 Summon Lightning Spire   Summ/Air       85%        N/A       1%          4
 Fireball                 Conj/Fire      52%        3d20      1%          5
 Freezing Cloud           Conj/Ice/Air   41%        6-21      1%          5
 Bombard                  Conj/Erth      60%        9d10      1%          6
 Conjure Ball Lightning   Conj/Air       49%        3x3d17    1%          6
 Starburst                Conj/Fire      52%        6d14      1%          6
 Orb of Destruction       Conj           56%        9d14      1%          7
 Freeze                   Ice            100%       1d10      2%          1
 Slow                     Hex            100%       N/A       2%          1
 Animate Dead             Necr           63%        N/A       2%          4
 Summon Forest            Summ/Tloc      38%        N/A       2%          5
 Ensorcelled Hibernation  Hex/Ice        62%        N/A       3%          2
 Jinxbite                 Hex            62%        N/A       3%          2
 Summon Cactus Giant      Summ           43%        N/A       3%          6
 Alistair's Intoxication  Alch           44%        N/A       4%          5
 Confusing Touch          Hex            31%        N/A       6%          3
 Frozen Ramparts          Ice            62%        1d10      6%          3
 Sigil of Binding         Hex            31%        N/A       6%          3
 Summon Mana Viper        Hex/Summ       65%        N/A       6%          5
 Anguish                  Hex/Necr       25%        N/A       8%          4
 Curse of Agony           Necr           63%        N/A       8%          5
 Silence                  Hex/Air        31%        N/A       8%          5
 Yara's Violent Unravell  Hex/Alch       26%        3d11      17%         5
 Summon Hydra             Summ           43%        N/A       21%         7
 Cause Fear               Hex            15%        N/A       22%         4
 Eringya's Noxious Bog    Alch           33%        4d6       28%         6
 Death Channel            Necr           31%        N/A       38%         6
 Ignition                 Fire           48%        3d14      41%         8
 Haunt                    Necr/Summ      38%        N/A       56%         7
 Enfeeble                 Hex            15%        N/A       100%        7
 Ozocubu's Refrigeration  Ice            15%        4d10      100%        7
 Borgnjor's Revivificati  Necr           31%        N/A       100%        8
 Discord                  Hex            15%        N/A       100%        8
 Disjunction              Tloc           31%        N/A       100%        8
 Death's Door             Necr           31%        N/A       100%        9
 Dragon's Call            Summ           43%        N/A       100%        9
 Cigotuvi's Dreadful Rot  Necr/Alch/Air  Unusable   N/A       N/A         2
 Sublimation of Blood     Necr           Unusable   N/A       N/A         2

Dungeon Overview and Level Annotations

Branches:
Dungeon (15/15)            Temple (1/1) D:7            Lair (5/5) D:11
  Swamp (4/4) Lair:3        Snake (4/4) Lair:2        Slime (5/5) Lair:4
    Orc (2/2) D:10            Elf (3/3) Orc:2        Vaults (5/5) D:14
  Crypt (3/3) Vaults:2       Tomb (0/3) Crypt:3      Depths (4/4) D:15
    Zot (5/5) Depths:4     Bailey (visited)           IceCv (visited)
 WizLab (visited)         Gauntlet (visited)

Altars:
Ashenzari
Cheibriados
Dithmenos
Elyvilon
Fedhas
Gozag
Hepliaklqana
Kikubaaqudgha
Makhleb
Nemelex Xobeh
Okawaru
Qazlal
Ru
Sif Muna
Trog
Uskayaw
Vehumet
Wu Jian
Xom
Yredelemnul
Zin
The Shining One
Jiyva
Lugonu

Shops:
D:2 (   D:9 *   Orc:1 :   Orc:2 =(!   Elf:1 *(   Elf:2 *   Vaults:2 !
Vaults:4 [   Vaults:5 ?   Depths:1 [   Depths:4 ==:

Portals:
Hell: Depths:1 Depths:2 Depths:3 Depths:4
Abyss: Snake:2 Depths:2 Depths:3
Pandemonium: Depths:2
Ziggurat: Depths:1

Annotations:
D:9 2 transporters, Jaike's ghost, journeyman DjCA
Snake:2 2 transporters, Dyuvotuts's ghost, journeyman TrSh
Elf:1 20 runed translucent doors
Abyss:1 Aizul; Roxanne


Innate Abilities, Weirdness & Mutations

You are immune to sickness and miasma.
Your stone body is resilient. (AC +20)
You are immune to poison.
Your large and strong wings let you fly.
You resist negative energy. (rN+)
You are resistant to electric shocks. (rElec)
You are resistant to unholy torment.
You are immune to petrification.
You are partially covered in iridescent scales. (AC +2)
You are dopey. (Int -2)
You frequently scream uncontrollably at your foes.
Your muscles are strong. (Str +4, Int/Dex -1)
You are occasionally teleported next to monsters.


Message History

You block the reaper's attack.
You hit the reaper but do no damage.
Space warps around the reaper.
You hit the reaper but do no damage.
Space warps horribly around the reaper!
The reaper is almost dead.
You hit the reaper. You puncture the reaper!
You kill the reaper!
What level of the Dungeon? (default 1, ? - help)
There is a stone staircase leading up here.
You fly upwards.
There is a stone staircase leading down here.
A blizzard demon comes into view.
Unknown command.
The blizzard demon moves out of view.
You see here a +0 short sword.
There is a stone staircase leading up here.
You fly upwards.
There is a stone staircase leading down here.
What level of the Dungeon? (default 1, ? - help)
Okay, then.
Okay, then.
Search for what [Enter for "zot", or ? for help]?
Okay, then.
What level of the Dungeon? (default 1, ? - help)
There is a stone staircase leading up here.
You fly upwards.
There is a stone staircase leading down here.
Unknown command.
There is an open door here.
Casting: Plasma Beam (mildly dangerous; 2% risk of failure)
Confirm with . or Enter, or press ? or * to list all spells.
Aiming: Passwall (safe; 0% risk of failure)
Press: ? - help, Dir - move target A rock wall.
This square is covered in magical glow.
You begin to meditate on the wall.
You continue meditating on the rock. x4
You finish merging with the rock.
Search for what [Enter for "zot", or ? for help]? out
There is a stone staircase leading down here.
There is a staircase leading out of the dungeon here.
You have escaped!

######### ####....#
##.......# #..####..# #.##
##.# ########.# #.######
#........## ##......##
#...≈≈≈≈..####..≈≈≈≈..#
##..≈≈≈≈≈≈......≈≈≈≈≈§.#
####...≈≈≈≈≈≈..@>.§§§≈≈≈≈.#
#...†..≈≈≈≈≈≈.....§§≈≈≈≈≈.#
#.......≈≈≈≈...##.§§≈≈≈≈..#
#.....#.......####..§.....#
#.....###...........####..#
#.....# ##...............##
#.....##########.#######.#
#.....##.................#
##.....##.#######.#########


There were no monsters in sight!

Vanquished Creatures
  the Royal Jelly (Slime:5)
  A dread lich (Zot:5)
  An ancient lich (Zot:5)
  3 orbs of fire
  A juggernaut (Depths:2)
  Parghit (Zot:1)
  2 Killer Klowns
  Vv (Zot:4)
  3 caustic shrikes (Depths:2)
  Saint Roka (Vaults:2)
  Nikola (Elf:2)
  Jory (Crypt:3)
  8 golden dragons
  Norris (Depths:1)
  An electric golem (Zot:4)
  A Brimstone Fiend (Zot:5)
  Jorgrun (Orc:2)
  A walking earthen tome (Depths:2)
  A walking crystal tome (Depths:2)
  Zenata (Vaults:2)
  15 Orb Guardians
  Rupert (Orc:2)
  5 liches
  15 tentacled monstrosities
  Mlioglotl (Snake:2)
  3 titans
  7 quicksilver dragons
  4 walking frostbound tomes
  A walking divine tome (Depths:3)
  2 deep elf master archers (Elf:3)
  23 acid blobs
  5 sphinxes
  3 deep elf blademasters
  5 ancient champions
  4 death cobs
  Agnes (Snake:4)
  Gastronok (Lair:2)
  12 tengu reavers
  10 storm dragons
  9 azure jellies
  A nagaraja (Snake:4)
  10 shadow dragons
  23 rockslimes
  11 fire giants
  5 frost giants
  A revenant (Crypt:1)
  8 draconian monks
  3 draconian knights
  6 protean progenitors
  9 draconian shifters
  9 deep elf sorcerers
  3 orc warlords
  Louise (Elf:3)
  10 draconian scorchers
  An iron dragon (Depths:2)
  7 ghost moths
  3 ghouls
  5 deep elf elementalists (Elf:3)
  13 vault wardens
  A cacodemon (Zot:4)
  16 ironbound preservers
  15 stone giants
  A reaper (D:4)
  6 draconian annihilators
  5 draconian stormcallers
  A spriggan defender (Depths:2)
  A juggernaut skeleton (Crypt:1)
  25 quicksilver oozes
  4 formless jellyfish
  6 very ugly things
  5 ironbound thunderhulks
  11 green draconians
  4 deep elf annihilators
  7 deep elf demonologists
  11 vampire knights
  8 black draconians
  3 bunyips
  15 yellow draconians
  18 purple draconians
  2 dire elephants
  4 war gargoyles
  3 spark wasps
  13 deep elf death magi
  A minotaur (Gauntlet)
  17 red draconians
  13 white draconians
  8 ettins
  5 statues (WizLab)
  3 crystal guardians
  2 eidola
  17 jiangshi
  An acid blob zombie (Crypt:2)
  A merfolk javelineer (Depths:2)
  8 fire dragons
  A mummy priest (Crypt:3)
  Harold (D:10)
  A spriggan zombie (Depths:3)
  7 yaktaur captains
  An entropy weaver (D:14)
  Fannar (Lair:3)
  25 vault guards
  15 great orbs of eyes
  3 deep elf high priests
  2 rakshasas
  A peacekeeper (Vaults:4)
  A hell beast (Depths:2)
  16 hydras
  5 ice dragons
  5 salamander tyrants (Snake:4)
  9 ironbound frosthearts
  2 ogre magi
  2 catoblepae
  4 ghost crabs
  2 death knights
  3 spriggan air magi
  10 anacondas
  10 centaur warriors
  26 dancing weapons
  5 boulder beetles
  9 two-headed ogres
  9 alligators
  13 deep troll shamans
  2 death yaks (Lair:5)
  9 naga warriors
  10 deep troll earth magi
  10 tengu warriors
  8 vampire magi
  14 naga sharpshooters
  7 orc high priests
  A hell knight (Vaults:5)
  Sonja (Lair:3)
  3 occultists
  A titan zombie (Vaults:4)
  Nergalle (D:11)
  11 iron trolls
  11 spriggan berserkers
  4 shock serpents
  3 skysharks
  30 deep elf knights
  A sixfirhy (Zot:4)
  2 golden dragon zombies (Depths:3)
  2 shadow wraiths (Crypt:2)
  28 skeletal warriors
  7 goliath frogs
  3 glowing orange brains
  A quicksilver dragon simulacrum (Depths:2)
  A glowing orange brain (shapeshifter) (Vaults:5)
  8 salamander mystics
  A sea snake (shapeshifter) (Depths:1)
  7 spriggan druids
  13 mana vipers
  4 flayed ghosts
  48 deep trolls
  A deep troll (shapeshifter) (Depths:3)
  A golden dragon skeleton (Depths:3)
  19 ironbound convokers
  8 arcanists
  2 naga ritualists
  2 bunyip skeletons (Crypt:1)
  8 swamp dragons
  3 bog bodies
  13 deep elf archers
  8 lindwurms
  2 necromancers
  An obsidian statue (Zot:5)
  25 deep elf zephyrmancers
  16 phantasmal warriors
  A harpy (shapeshifter) (D:13)
  14 orc knights
  37 deep elf pyromancers
  4 harpies (Vaults:3)
  7 orc sorcerers
  A wolf spider (D:15)
  31 ugly things
  15 salamanders
  A faun (shapeshifter) (Vaults:5)
  5 manticores
  33 moths of wrath
  A stone giant zombie (Vaults:4)
  A shadow dragon skeleton (Crypt:2)
  22 elephants
  5 cyclopes
  8 shining eyes
  2 will-o-the-wisps
  2 moths of wrath (shapeshifter)
  7 guardian serpents
  3 kobold blastminers
  A stone giant skeleton (Crypt:3)
  A torpor snail (Lair:4)
  33 black mambas
  18 vault sentinels
  11 naga magi
  An eye of devastation (Slime:4)
  An ice statue (IceCv)
  3 eyes of devastation (shapeshifter)
  A gargoyle (D:11)
  2 orange demons (Zot:4)
  A nameless horror (Zot:3)
  15 cane toads
  15 yaktaurs
  A mana viper skeleton (Crypt:3)
  4 rime drakes
  5 freezing wraiths
  3 guardian mummies (Crypt:3)
  13 komodo dragons
  A pale draconian skeleton (Crypt:2)
  21 tengu conjurers
  4 efreet
  A kobold demonologist (D:10)
  A queen bee (shapeshifter) (Elf:3)
  2 bloated husks
  9 hornets
  6 trolls
  2 tyrant leeches
  A merfolk (shapeshifter) (Vaults:5)
  A polar bear (Lair:1)
  A wolf spider simulacrum (D:15)
  A hornet (shapeshifter) (Elf:3)
  A blink frog (shapeshifter) (D:15)
  A meliai zombie (Crypt:2)
  A dream sheep (Lair:3)
  5 glass eyes
  A snapping turtle (Zot:1)
  4 blink frogs (Lair:2)
  A jumping spider (shapeshifter) (Depths:3)
  122 slime creatures
  8 water elementals
  12 spriggans
  3 air elementals
  4 shadows
  2 elf skeletons
  A yak (shapeshifter) (D:15)
  An ettin skeleton (Vaults:4)
  Eustachio (D:6)
  47 yaks
  8 wyverns
  5 wargs
  Grum (D:8)
  8 wraiths
  12 fire elementals
  3 ushabtiu (Crypt:3)
  4 fire bats (Zot:3)
  6 basilisks
  2 steam dragons
  5 vampire mosquitoes
  An acid dragon (Bailey)
  32 nagas
  15 swamp worms
  3 great orb of eyes simulacra (IceCv)
  13 water moccasins
  A fire bat skeleton (Crypt:3)
  7 swamp drakes
  4 black bears
  A faun skeleton (Crypt:3)
  A sky beast (shapeshifter) (D:15)
  17 laughing skulls
  33 orc warriors
  4 sky beasts
  11 wolves
  16 ogres
  The ghost of lis82 the Digger, an amateur DgEE (D:3)
  4 centaurs
  A swamp dragon skeleton (Crypt:2)
  2 slime creature simulacra (IceCv)
  2 kobold brigands (D:9)
  14 bullfrogs
  2 scorpions
  A gnoll sergeant (D:13)
  A salamander skeleton (Crypt:1)
  A necrophage (Crypt:2)
  2 earth elementals (Elf:1)
  2 glowing shapeshifter simulacra (IceCv)
  A wyvern skeleton (Crypt:3)
  5 wights (D:7)
  15 killer bees
  2 electric eels (Snake:4)
  5 howler monkeys
  2 polar bear skeletons
  A bullfrog zombie (D:3)
  23 orc priests
  A bombardier beetle (D:6)
  A bombardier beetle (shapeshifter) (D:10)
  2 hounds
  Crazy Yiuf (D:2)
  3 iguanas
  A sleepcap (D:6)
  A bullfrog skeleton (D:3)
  21 orc wizards
  A scorpion zombie (Crypt:3)
  5 hell rats (Lair:2)
  A boggart skeleton (Crypt:2)
  A killer bee zombie (D:3)
  An acid dragon zombie (Crypt:3)
  An ogre skeleton (Crypt:3)
  A crocodile skeleton (Crypt:2)
  8 gnolls
  7 adders
  A shadow imp (D:7)
  16 white imps
  2 dart slugs
  7 ribbon worms
  63 orcs
  8 ball pythons
  6 endoplasms
  3 giant cockroaches
  8 goblins
  7 hobgoblins
  2 jackals (D:2)
  18 kobolds
  4 quokkas
  A river rat zombie (Crypt:2)
  5 bats
  4 frilled lizards
  A rat skeleton (Crypt:1)
  6 aspiring fleshes
2213 creatures vanquished.

Vanquished Creatures (collateral kills)
  An orb of fire (Zot:2)
  A Killer Klown (Zot:5)
  2 electric golems
  2 tentacled monstrosities
  Asterion (Snake:4)
  4 Orb Guardians (Zot:5)
  Donald (Swamp:1)
  A draconian knight (Zot:3)
  A protean progenitor (Zot:3)
  A goliath frog (Swamp:1)
  6 fire elementals (Zot:3)
  A swamp worm (Swamp:1)
  An ogre (Bailey)
  62 boulders
85 creatures vanquished.

Vanquished Creatures (others)
  A draconian shifter (Zot:2)
  A ghost moth (Zot:3)
  A spriggan berserker (Depths:3)
  A naga ritualist (Snake:4)
  A tengu conjurer (WizLab)
  A bloated husk (Swamp:2)
  55 boulders
  10 foxfires
71 creatures vanquished.

Grand Total: 2369 creatures vanquished

Notes
Turn   | Place    | Note
-------+----------+-------------------------------------------
     0 | D:1      | Salticid the Gargoyle Earth Elementalist began the quest
                  | for the Orb.
     0 | D:1      | Reached XP level 1. HP: 10/10 MP: 3/3
   127 | D:1      | Reached XP level 2. HP: 15/15 MP: 1/5
   214 | D:1      | You fall into a shaft and drop 1 floor!
   245 | D:1      | Reached skill level 4 in Earth Magic
   915 | D:2      | Reached XP level 3. HP: 19/19 MP: 3/6
   992 | D:2      | Reached skill level 5 in Earth Magic
   994 | D:2      | Reached skill level 1 in Fighting
  1052 | D:2      | Learned a level 3 spell: Passwall
  1078 | D:2      | Found Kaiqy's Antique Weapon Shoppe.
  1145 | D:2      | Reached XP level 4. HP: 26/26 MP: 5/7
  1149 | D:2      | Learned a level 3 spell: Stone Arrow
  1199 | D:2      | Found a runed translucent door.
  1200 | D:2      | Noticed Crazy Yiuf
  1740 | D:3      | Found a transporter.
  1742 | D:3      | Noticed lis82's ghost (amateur DgEE)
  1849 | D:3      | Reached XP level 5. HP: 30/30 MP: 3/8
  2106 | D:3      | Found a transporter.
  2148 | D:3      | Found a faded altar of an unknown god.
  2891 | D:4      | Noticed an ogre
  2902 | D:4      | Killed an ogre
  2903 | D:4      | Reached XP level 6. HP: 35/35 MP: 0/10
  3235 | D:5      | Entered Level 5 of the Dungeon
  3347 | D:5      | Identified the +8 scimitar "Guheeh" {freeze, rElec rF-
                  | Dex+3}
  3446 | D:5      | Reached skill level 6 in Earth Magic
  3604 | D:5      | Reached XP level 7. HP: 41/41 MP: 6/11
  3854 | D:3      | Killed lis82's ghost
  3855 | D:3      | Reached skill level 5 in Conjurations
  3865 | D:3      | Reached skill level 1 in Long Blades
  3888 | D:3      | Identified a scroll of acquirement
  3889 | D:3      | Acquired the +9 staff of Olgreb {rPois∞}
  3889 | D:3      | Found the +9 staff of Olgreb {rPois∞}
  3900 | D:3      | Learned a level 4 spell: Brom's Barrelling Boulder
  3984 | D:2      | Killed Crazy Yiuf
  4101 | D:6      | Noticed Eustachio
  4107 | D:6      | Reached skill level 1 in Evocations
  4180 | D:6      | Killed Eustachio
  4181 | D:6      | Reached XP level 8. HP: 30/48 MP: 2/12
  5001 | D:6      | Reached skill level 7 in Earth Magic
  5469 | D:7      | Reached skill level 1 in Staves
  5738 | D:7      | Reached XP level 9. HP: 52/52 MP: 4/13
  5933 | D:7      | Reached skill level 8 in Earth Magic
  6191 | D:7      | Reached skill level 9 in Earth Magic
  6217 | D:7      | Identified the +0 ring mail of Mekatosa {rC- Str+6 SInv}
  6239 | D:7      | Found a staircase to the Ecumenical Temple.
  6251 | Temple   | Entered the Ecumenical Temple
  6261 | Temple   | Became a worshipper of Nemelex Xobeh the Trickster
  6345 | D:7      | Reached skill level 5 in Fighting
  6451 | D:8      | Noticed Grum
  6455 | D:8      | Noticed a manticore
  6554 | D:7      | Acquired a +2 quick blade of distortion
  6582 | D:8      | Reached skill level 1 in Short Blades
  6614 | D:8      | Learned a level 2 spell: Blink
  6691 | D:8      | Reached XP level 10. HP: 39/59 MP: 14/16
  6692 | D:8      | Killed Grum
  6693 | D:8      | Reached skill level 5 in Short Blades
  6794 | D:8      | Learned a level 4 spell: Petrify
  6812 | D:8      | Reached skill level 1 in Alchemy
  7102 | D:8      | Found a stormy altar of Qazlal.
  7132 | D:8      | Found a glowing golden altar of the Shining One.
  7154 | D:8      | Killed a manticore
  7409 | D:8      | Reached * piety under Nemelex Xobeh
  7492 | D:8      | Received a gift from Nemelex Xobeh
  7994 | D:9      | Found a bloodstained altar of Trog.
  8001 | D:9      | Found a transporter.
  8043 | D:9      | Found a transporter.
  8043 | D:9      | Noticed a deep troll
  8043 | D:9      | Noticed a moth of wrath
  8044 | D:9      | Noticed a two-headed ogre
  8044 | D:9      | Noticed a two-headed ogre
  8054 | D:9      | Noticed Jaike's ghost (journeyman DjCA)
  8461 | D:9      | Found Miomamia's Assorted Antiques.
  8469 | D:9      | Bought a scroll labelled UVISIG XIRUNT for 28 gold pieces
  8469 | D:9      | Bought a scroll labelled VIAM HEWERPH for 28 gold pieces
  8469 | D:9      | Bought a scroll of identify for 56 gold pieces
  8495 | D:10     | Entered Level 10 of the Dungeon
  8505 | D:10     | Found a staircase to the Orcish Mines.
  8534 | D:9      | Reached skill level 1 in Translocations
  8661 | D:10     | Reached ** piety under Nemelex Xobeh
  8683 | D:10     | Found a flagged portal.
  8696 | Bailey   | Entered a bailey
  8714 | Bailey   | Reached XP level 11. HP: 66/67 MP: 10/17
  8812 | Bailey   | Identified the +0 rapier "Axyk" {venom, rF+ rCorr Str+2
                  | Dex+3}
  8884 | Bailey   | Noticed a two-headed ogre
  8904 | Bailey   | Killed a two-headed ogre
  8943 | Bailey   | Identified the +9 quarterstaff "Transmigrator" {freeze,
                  | Fly}
  9068 | D:10     | Noticed a sun demon
  9127 | D:10     | Noticed a cyclops
  9131 | D:10     | Noticed a tengu warrior
  9168 | D:10     | Noticed Harold
  9198 | D:10     | Noticed a two-headed ogre
  9763 | D:11     | Noticed a two-headed ogre
  9777 | D:11     | Killed a two-headed ogre
  9894 | D:11     | Reached skill level 1 in Armour
  9995 | D:11     | Noticed a boulder beetle
 10009 | D:11     | Reached skill level 10 in Earth Magic
 10013 | D:11     | Banished a boulder beetle
 10398 | D:11     | Reached XP level 12. HP: 76/76 MP: 13/18
 10431 | D:11     | Found a staircase to the Lair.
 10501 | D:11     | Noticed Nergalle
 10508 | D:11     | Killed Nergalle
 10721 | Lair:1   | Entered Level 1 of the Lair of Beasts
 10741 | Lair:1   | Reached *** piety under Nemelex Xobeh
 10954 | Lair:1   | Identified the +1 ring mail of the Good {+Inv}
 11017 | D:11     | Reached skill level 10 in Fighting
 11367 | Lair:1   | Noticed a boulder beetle
 11373 | Lair:1   | Received a gift from Nemelex Xobeh
 11382 | Lair:1   | Killed a boulder beetle
 11425 | Lair:1   | Noticed a catoblepas
 11435 | Lair:1   | Killed a catoblepas
 11484 | Lair:1   | Reached skill level 5 in Stealth
 11484 | Lair:1   | Reached skill level 1 in Invocations
 12020 | Lair:2   | Noticed a skyshark
 12035 | Lair:2   | Killed a skyshark
 12099 | Lair:2   | Noticed Gastronok
 12119 | Lair:2   | Killed Gastronok
 12120 | Lair:2   | Reached skill level 5 in Invocations
 12308 | Lair:2   | Reached XP level 13. HP: 82/82 MP: 20/20
 12314 | Lair:2   | Found a gate leading to a gauntlet.
 12335 | Gauntlet | Entered a Gauntlet
 12335 | Gauntlet | Found a transporter.
 12335 | Gauntlet | Found a transporter.
 12351 | Gauntlet | Found a transporter.
 12355 | Gauntlet | Found a transporter.
 12367 | Gauntlet | Found a transporter.
 12367 | Gauntlet | Received a gift from Nemelex Xobeh
 12399 | Gauntlet | Found a transporter.
 12407 | Gauntlet | Found a transporter.
 12421 | Gauntlet | Found a transporter.
 12423 | Gauntlet | Found a transporter.
 12436 | Gauntlet | Found a transporter.
 12457 | Gauntlet | Found a transporter.
 12483 | Gauntlet | Found a transporter.
 12738 | Gauntlet | Reached skill level 5 in Spellcasting
 12741 | Gauntlet | Reached skill level 10 in Short Blades
 12754 | Gauntlet | Identified the ring of Fumaus {^Contam +Blink Will+ Str+3}
 12762 | Gauntlet | Learned a level 3 spell: Mephitic Cloud
 12776 | Gauntlet | Noticed a minotaur
 12790 | Gauntlet | Killed a minotaur
 12791 | Gauntlet | Reached skill level 1 in Air Magic
 13038 | Lair:2   | Reached **** piety under Nemelex Xobeh
 13273 | Lair:2   | Received a gift from Nemelex Xobeh
 13703 | Lair:2   | Found a staircase to the Snake Pit.
 14166 | Lair:3   | Found a staircase to the Swamp.
 14242 | Lair:3   | Noticed Sonja
 14256 | Lair:3   | Killed Sonja
 14361 | Lair:3   | Received a gift from Nemelex Xobeh
 14972 | Lair:4   | Reached skill level 5 in Air Magic
 14980 | Lair:4   | Gained mutation: Your large and strong wings let you fly.
                  | [Gargoyle growth]
 14980 | Lair:4   | Reached XP level 14. HP: 90/90 MP: 23/23
 15012 | Lair:4   | Learned a level 5 spell: Arcjolt
 15026 | Lair:4   | Found a frozen archway.
 15050 | IceCv    | Entered an ice cave
 15062 | IceCv    | Noticed a quicksilver ooze
 15081 | IceCv    | Killed a quicksilver ooze
 15281 | IceCv    | Noticed a quicksilver ooze
 15300 | IceCv    | Killed a quicksilver ooze
 15634 | IceCv    | Received a gift from Nemelex Xobeh
 15636 | IceCv    | Found a viscous altar of Jiyva.
 15636 | IceCv    | Noticed an azure jelly
 15717 | IceCv    | an azure jelly changed into a boulder beetle
 15842 | IceCv    | Identified the +3 ice dragon scales "Cic Cua" {rF- rC++
                  | Dex+3}
 16056 | IceCv    | Identified the ring of Untruth {Fly rCorr}
 16599 | Lair:4   | Found a staircase to the Slime Pits.
 16600 | Lair:4   | Found a viscous altar of Jiyva.
 16945 | Lair:4   | Reached ***** piety under Nemelex Xobeh
 16975 | Lair:4   | Received a gift from Nemelex Xobeh
 17828 | Lair:5   | Entered Level 5 of the Lair of Beasts
 17828 | Lair:5   | Received a gift from Nemelex Xobeh
 18231 | Lair:5   | Received a gift from Nemelex Xobeh
 18957 | Lair:5   | Received a gift from Nemelex Xobeh
 19001 | Lair:5   | Reached XP level 15. HP: 80/96 MP: 24/24
 19489 | Orc:1    | Entered Level 1 of the Orcish Mines
 19766 | Orc:1    | Found Veerif's Self-Improvement Boutique.
 20048 | Orc:2    | Entered Level 2 of the Orcish Mines
 20048 | Orc:2    | Noticed Rupert
 20062 | Orc:2    | Paralysed by Rupert for 3 turns
 20082 | Orc:2    | Killed Rupert
 20388 | Orc:2    | Noticed Jorgrun
 20413 | Orc:2    | Killed Jorgrun
 20699 | Orc:2    | Received a gift from Nemelex Xobeh
 21268 | Orc:2    | Found a staircase to the Elven Halls.
 21806 | Orc:2    | Found Ostrus's Antique Weapon Boutique.
 21806 | Orc:2    | Found Jexabeq's Distillery.
 21808 | Orc:2    | Found Vauwibb's Jewellery Emporium.
 21808 | Orc:2    | Found Agonlaj's Magic Scroll Boutique.
 21821 | Orc:2    | Bought a scroll of identify for 22 gold pieces
 21821 | Orc:2    | Bought a scroll of identify for 22 gold pieces
 21821 | Orc:2    | Bought a scroll of enchant weapon for 82 gold pieces
 21821 | Orc:2    | Bought a scroll of identify for 22 gold pieces
 21821 | Orc:2    | Bought a scroll of identify for 22 gold pieces
 21831 | Orc:2    | Bought a potion of invisibility for 136 gold pieces
 21831 | Orc:2    | Bought a potion of cancellation for 136 gold pieces
 21831 | Orc:2    | Bought a potion of lignification for 51 gold pieces
 21831 | Orc:2    | Bought a potion of curing for 51 gold pieces
 21831 | Orc:2    | Bought a potion of haste for 170 gold pieces
 21831 | Orc:2    | Bought a potion of haste for 170 gold pieces
 21831 | Orc:2    | Bought a potion of curing for 51 gold pieces
 21835 | Orc:2    | Bought a ring of willpower for 350 gold pieces
 21836 | Orc:2    | Bought a scroll of teleportation for 33 gold pieces
 22070 | D:10     | Reached skill level 1 in Fire Magic
 22112 | D:10     | Received a gift from Nemelex Xobeh
 22137 | D:10     | Reached skill level 1 in Shields
 22162 | D:10     | Killed Harold
 22257 | D:10     | Identified the amulet of Cepse {Will+ Regen+}
 22352 | D:10     | Identified the ring "Zoduycal" {rF+ Str+6}
 22399 | D:10     | Identified the ring "Adghodoreq" {+Blink Fly rPois}
 22405 | D:10     | Identified the amulet "Zunumetiod" {Faith rC+ rCorr}
 22504 | D:10     | Learned a level 5 spell: Borgnjor's Vile Clutch
 22626 | D:12     | Reached skill level 1 in Necromancy
 22639 | D:12     | Reached skill level 5 in Shields
 22719 | D:12     | Found a flickering gateway to a bazaar.
 22751 | Bazaar   | Entered a bazaar
 22785 | Bazaar   | Found Syumaeg's Assorted Antiques.
 22785 | Bazaar   | Found Ominicw's Weapon Shop.
 22799 | Bazaar   | Bought a scroll of identify for 38 gold pieces
 22813 | Bazaar   | Found Hyppus's Antique Armour Shop.
 22813 | Bazaar   | Found Zibokusi's Distillery.
 22825 | Bazaar   | Bought a potion of resistance for 150 gold pieces
 22825 | Bazaar   | Bought a potion of haste for 150 gold pieces
 22831 | Bazaar   | Bought a runed cloak for 157 gold pieces
 22848 | Bazaar   | Bought a scorched ring mail for 189 gold pieces
 22848 | Bazaar   | Identified the +7 ring mail "Lacaogam" {Int+3 Stlth+} (You
                  | bought it in a shop in a bazaar)
 22930 | D:12     | Received a gift from Nemelex Xobeh
 23108 | D:13     | Reached XP level 16. HP: 88/104 MP: 28/28
 23108 | D:13     | Upgraded the game from 0.32-a0-12-g7fc57aa741 to
                  | 0.32-a0-13-gbaedc5810e
 23417 | D:13     | Reached ****** piety under Nemelex Xobeh
 23757 | D:13     | Received a gift from Nemelex Xobeh
 24179 | D:13     | Received a gift from Nemelex Xobeh
 24518 | D:14     | Reached skill level 5 in Necromancy
 24647 | D:14     | Found an iron altar of Okawaru.
 24662 | D:14     | Received a gift from Nemelex Xobeh
 24799 | D:14     | Identified the +5 war axe "Ogrebane" {pain, rN++ Int+3
                  | Stlth+}
 24886 | D:14     | Identified the +1 helmet of Purpose {rElec}
 24888 | D:14     | Identified the +0 leather armour of Vlad {rN++ SInv}
 25079 | D:14     | Found a gate to the Vaults.
 25189 | D:15     | Entered Level 15 of the Dungeon
 25300 | D:15     | Found a staircase to the Depths.
 25502 | D:15     | Received a gift from Nemelex Xobeh
 25668 | D:15     | Reached skill level 10 in Spellcasting
 25674 | D:15     | Learned a level 5 spell: Irradiate
 26059 | D:15     | Reached skill level 5 in Alchemy
 26319 | Snake:1  | Entered Level 1 of the Snake Pit
 26759 | Snake:1  | Received a gift from Nemelex Xobeh
 26781 | Snake:1  | Reached skill level 10 in Conjurations
 27307 | Snake:2  | Received a gift from Nemelex Xobeh
 27547 | Snake:2  | Reached skill level 11 in Earth Magic
 27618 | Snake:2  | Noticed Mlioglotl
 27631 | Snake:2  | Killed Mlioglotl
 27632 | Snake:2  | Reached XP level 17. HP: 91/108 MP: 21/31
 27731 | Snake:2  | Found a transporter.
 27866 | Snake:2  | Found a transporter.
 27870 | Snake:2  | Found a one-way gate to the infinite horrors of the Abyss.
 27870 | Snake:2  | Noticed Dyuvotuts's ghost (journeyman TrSh)
 27870 | Snake:2  | Noticed a tentacled monstrosity
 27874 | Snake:2  | Received a gift from Nemelex Xobeh
 29023 | Snake:3  | Received a gift from Nemelex Xobeh
 29378 | Snake:3  | Received a gift from Nemelex Xobeh
 30215 | Snake:3  | Found a shimmering blue altar of Sif Muna.
 30239 | Snake:3  | Received a gift from Nemelex Xobeh
 30656 | Snake:4  | Entered Level 4 of the Snake Pit
 30988 | Snake:4  | Identified the +3 kite shield of Demons {MP+9 Int+6 Stlth-}
 30988 | Snake:4  | Noticed Asterion
 30999 | Snake:4  | Noticed Agnes
 31305 | Snake:4  | Killed Agnes
 31662 | Snake:4  | Killed Asterion
 32098 | Snake:4  | Received a gift from Nemelex Xobeh
 32393 | Snake:4  | Reached XP level 18. HP: 73/117 MP: 3/32
 32846 | Snake:4  | Reached skill level 15 in Fighting
 32851 | Snake:4  | Reached skill level 5 in Armour
 33153 | Snake:4  | Got a serpentine rune of Zot
 33374 | Lair:3   | Noticed Fannar
 33382 | Lair:3   | Killed Fannar
 33410 | Swamp:1  | Entered Level 1 of the Swamp
 33442 | Swamp:1  | Noticed Donald
 33450 | Swamp:1  | Killed Donald
 33819 | Swamp:1  | Received a gift from Nemelex Xobeh
 33997 | Swamp:1  | Received a gift from Nemelex Xobeh
 34113 | Swamp:1  | Reached skill level 12 in Earth Magic
 34821 | Swamp:2  | Received a gift from Nemelex Xobeh
 35390 | Swamp:3  | Reached skill level 10 in Invocations
 35626 | Swamp:4  | Entered Level 4 of the Swamp
 35956 | Swamp:4  | Received a gift from Nemelex Xobeh
 35957 | Swamp:4  | Noticed Roxanne
 36157 | Swamp:4  | Reached skill level 5 in Evocations
 36529 | Swamp:4  | Reached XP level 19. HP: 124/124 MP: 28/34
 36617 | Swamp:4  | Received a gift from Nemelex Xobeh
 36629 | Swamp:4  | Got a decaying rune of Zot
 36890 | Swamp:4  | Banished Roxanne
 37093 | Lair:3   | Reached skill level 5 in Translocations
 37267 | Elf:1    | Entered Level 1 of the Elven Halls
 37397 | Elf:1    | Reached skill level 5 in Fire Magic
 37768 | Elf:1    | Found a huge runed translucent gate.
 37768 | Elf:1    | Found a huge runed translucent gate.
 37769 | Elf:1    | Found a huge runed translucent gate.
 37772 | Elf:1    | Found a huge runed translucent gate.
 37772 | Elf:1    | Found Geclut's Antique Weapon Shoppe.
 37772 | Elf:1    | Found Puweunn's General Store.
 38145 | Elf:1    | Found a huge runed translucent gate.
 38146 | Elf:1    | Found a huge runed translucent gate.
 38147 | Elf:1    | Found a huge runed translucent gate.
 38147 | Elf:1    | Found a huge runed translucent gate.
 38149 | Elf:1    | Found a huge runed translucent gate.
 38149 | Elf:1    | Found a huge runed translucent gate.
 38149 | Elf:1    | Found a huge runed translucent gate.
 38150 | Elf:1    | Found a huge runed translucent gate.
 38150 | Elf:1    | Found a huge runed translucent gate.
 38150 | Elf:1    | Found a huge runed translucent gate.
 38150 | Elf:1    | Found a huge runed translucent gate.
 38150 | Elf:1    | Found a huge runed translucent gate.
 38150 | Elf:1    | Found a huge runed translucent gate.
 38151 | Elf:1    | Found a huge runed translucent gate.
 38151 | Elf:1    | Found a huge runed translucent gate.
 38151 | Elf:1    | Found a huge runed translucent gate.
 38302 | Elf:1    | Received a gift from Nemelex Xobeh
 38932 | Elf:2    | Noticed Nikola
 38955 | Elf:2    | Killed Nikola
 39037 | Elf:2    | Found a runed translucent gate.
 39037 | Elf:2    | Found a runed translucent gate.
 39037 | Elf:2    | Found a runed translucent gate.
 39223 | Elf:2    | Found Tigijeiv's General Store.
 39227 | Elf:2    | Bought a scroll of amnesia for 52 gold pieces
 39227 | Elf:2    | Bought a potion of resistance for 130 gold pieces
 39309 | Elf:2    | Received a gift from Nemelex Xobeh
 39325 | Elf:2    | Reached skill level 10 in Shields
 39606 | Elf:2    | Reached skill level 10 in Fire Magic
 39679 | Elf:2    | Reached XP level 20. HP: 121/129 MP: 35/35
 39688 | Elf:2    | Learned a level 6 spell: Plasma Beam
 40033 | Elf:3    | Entered Level 3 of the Elven Halls
 40182 | Elf:3    | Identified the +2 scale mail of the Jabberwock {rElec rF+}
 40385 | Elf:3    | Noticed Louise
 40511 | Elf:3    | Killed Louise
 40550 | Elf:3    | Received a gift from Nemelex Xobeh
 40623 | Elf:3    | Identified the serpent talisman of Dosuasuj {Str+4}
 40623 | Elf:3    | Noticed Aizul
 40633 | Elf:3    | Banished Aizul
 41323 | Elf:3    | Identified the staff of Bovaff {Dex+2 Conj}
 41561 | Elf:3    | Identified the +0 scale mail of the Game of Life {rC+}
 41782 | Elf:3    | Identified the +0 helmet "Numyb" {rC+ rCorr Str+4}
 41797 | Elf:3    | Got the Notes on Combustion and Mustering
 41813 | Elf:3    | Got Kuopero's Incunabulum of Indurated Voltage
 41820 | Elf:3    | Identified the staff "Nesell" {Str-4 Int+5 Tloc Earth}
 42183 | Vaults:1 | Entered Level 1 of the Vaults
 42523 | Vaults:1 | Received a gift from Nemelex Xobeh
 42861 | Vaults:1 | Reached skill level 10 in Air Magic
 42870 | Vaults:1 | Reached XP level 21. HP: 134/134 MP: 36/36
 43198 | Vaults:1 | Reached skill level 13 in Earth Magic
 43971 | Vaults:2 | Found Oheab's Distillery.
 43975 | Vaults:2 | Bought a potion of heal wounds for 80 gold pieces
 43975 | Vaults:2 | Bought a potion of haste for 160 gold pieces
 43975 | Vaults:2 | Bought a potion of magic for 128 gold pieces
 44014 | Vaults:2 | Noticed Zenata
 44023 | Vaults:2 | Killed Zenata
 44209 | Vaults:2 | Received a gift from Nemelex Xobeh
 44437 | Vaults:2 | Noticed Saint Roka
 44456 | Vaults:2 | Reached skill level 14 in Earth Magic
 44458 | Vaults:2 | Killed Saint Roka
 44495 | Vaults:2 | Learned a level 4 spell: Vhi's Electric Charge
 45012 | Vaults:2 | Found a staircase to the Crypt.
 45012 | Vaults:2 | Found a basalt altar of Yredelemnul.
 45012 | Vaults:2 | Found an ancient bone altar of Kikubaaqudgha.
 45482 | Vaults:3 | Found a flickering gateway to a bazaar.
 45502 | Bazaar   | Entered a bazaar
 45502 | Bazaar   | Found Viesuequ's Magic Scroll Shoppe.
 45502 | Bazaar   | Found Vessi's Antique Weapon Shoppe.
 45502 | Bazaar   | Found Doannepp's Magic Scroll Emporium.
 45514 | Bazaar   | Bought a scroll of teleportation for 33 gold pieces
 45516 | Bazaar   | Bought a scroll of fear for 56 gold pieces
 45516 | Bazaar   | Bought a scroll of enchant armour for 105 gold pieces
 45516 | Bazaar   | Bought a scroll of enchant armour for 105 gold pieces
 45583 | Vaults:3 | Received a gift from Nemelex Xobeh
 45994 | Vaults:3 | Reached XP level 22. HP: 116/142 MP: 33/39
 46181 | Vaults:3 | Reached skill level 5 in Dodging
 46478 | Vaults:3 | Received a gift from Nemelex Xobeh
 46963 | Vaults:4 | Reached skill level 15 in Earth Magic
 47347 | Vaults:4 | Found Konofeh's Antique Armour Shop.
 47358 | Vaults:4 | Found the +3 greatsling "Punk" {acid, rCorr}
 47550 | Vaults:4 | Received a gift from Nemelex Xobeh
 48097 | Vaults:4 | Received a gift from Nemelex Xobeh
 48370 | Crypt:1  | Entered Level 1 of the Crypt
 48507 | Crypt:1  | Learned a level 3 spell: Fugue of the Fallen
 48857 | Depths:1 | Entered Level 1 of the Depths
 49223 | Depths:2 | Received a gift from Nemelex Xobeh
 50016 | Depths:2 | Reached XP level 23. HP: 90/160 MP: 18/40
 50185 | Depths:2 | Found a gateway to Hell.
 50282 | Depths:2 | Received a gift from Nemelex Xobeh
 50356 | Depths:2 | Noticed a juggernaut
 50360 | Depths:2 | Killed a juggernaut
 50380 | Depths:2 | Noticed a golden dragon
 50384 | Depths:2 | Noticed a caustic shrike
 50538 | Depths:2 | Noticed a caustic shrike
 50546 | Depths:2 | Killed a caustic shrike
 50559 | Depths:2 | Noticed a caustic shrike
 50570 | Depths:2 | Killed a caustic shrike
 50580 | Depths:2 | Found a one-way gate leading to the halls of Pandemonium.
 50944 | Depths:2 | Learned a level 6 spell: Bombard
 51002 | Depths:2 | Killed a golden dragon
 51023 | Depths:2 | Killed a caustic shrike
 51212 | Depths:2 | Identified the +10 hand cannon of Vicuunir {antimagic,
                  | ^Fragile Str-3 Dex+6}
 51375 | Depths:1 | Reached skill level 10 in Armour
 52004 | Depths:1 | Found Hihur's Armour Boutique.
 52109 | Depths:1 | Bought a +1 pair of gloves of dexterity for 214 gold pieces
 52128 | Depths:1 | Noticed Norris
 52134 | Depths:1 | Reached skill level 16 in Earth Magic
 52152 | Depths:1 | Killed Norris
 52258 | Depths:1 | Received a gift from Nemelex Xobeh
 52469 | Depths:1 | Found a one-way gateway to a ziggurat.
 52525 | Depths:1 | Received a gift from Nemelex Xobeh
 52598 | Depths:1 | Found a sacrificial altar of Ru.
 52907 | Depths:3 | Received a gift from Nemelex Xobeh
 53011 | Depths:3 | Found a corrupted altar of Lugonu.
 53028 | Depths:3 | Found a magical portal.
 53042 | WizLab   | Entered Iskenderun's Mystic Tower
 53076 | WizLab   | Reached skill level 17 in Earth Magic
 54038 | WizLab   | Reached XP level 24. HP: 166/166 MP: 41/41
 54093 | WizLab   | Reached skill level 18 in Earth Magic
 54095 | WizLab   | Got Iskenderun's Tome of Impulse
 54095 | WizLab   | Got Iskenderun's Precepts of the Volley
 54362 | Depths:3 | Received a gift from Nemelex Xobeh
 54734 | Depths:3 | Reached skill level 19 in Earth Magic
 54789 | Depths:3 | Found a bloodstained altar of Trog.
 54857 | Depths:3 | Found an ancient bone altar of Kikubaaqudgha.
 54917 | Depths:3 | Noticed a caustic shrike
 55250 | Depths:3 | Received a gift from Nemelex Xobeh
 55410 | Depths:4 | Entered Level 4 of the Depths
 56066 | Depths:4 | Reached skill level 20 in Earth Magic
 56395 | Depths:4 | Reached skill level 15 in Spellcasting
 56408 | Depths:3 | Learned a level 8 spell: Lehudib's Crystal Spear
 56585 | Depths:4 | Received a gift from Nemelex Xobeh
 56639 | Depths:4 | Found Qaenn's Book Boutique.
 56639 | Depths:4 | Found Hovacobb's Jewellery Emporium.
 56640 | Depths:4 | Found Fioch's Jewellery Emporium.
 56648 | Depths:4 | Bought a manual of Conjurations for 1520 gold pieces
 56679 | Depths:4 | Found a gate to the Realm of Zot.
 57898 | Depths:3 | Reached skill level 15 in Conjurations
 58281 | Depths:3 | Identified the +1 leather armour of Winter {Dex+2}
 58288 | Depths:3 | Identified the ring of the Thieving Gods {rC+ Str+3 Dex+4}
 58500 | Orc:1    | Bought a manual of Invocations for 1360 gold pieces
 59323 | Crypt:2  | Received a gift from Nemelex Xobeh
 59617 | Crypt:1  | Reached XP level 25. HP: 120/172 MP: 14/42
 60384 | Crypt:2  | Received a gift from Nemelex Xobeh
 60682 | Crypt:3  | Entered Level 3 of the Crypt
 60682 | Crypt:3  | Received a gift from Nemelex Xobeh
 60683 | Crypt:3  | Found a staircase to the Tomb.
 60851 | Crypt:3  | Reached skill level 21 in Earth Magic
 61176 | Crypt:3  | Identified the ring of Vadiax {rElec rPois rF+++ rN+ Str-4
                  | Dex-2}
 61187 | Crypt:3  | Identified the +0 scale mail of the Will of the Gods {Str+2
                  | Stlth+}
 61201 | Crypt:3  | Identified the +10 war axe of the Unliving {flame, Fly
                  | rElec rPois rCorr}
 61503 | Crypt:3  | Noticed Jory
 61762 | Crypt:3  | Killed Jory
 62013 | Crypt:3  | Acquired a book of Dangerous Friends
 62439 | Crypt:3  | Identified the ring "Umophewk" {rC+ rN+ Int+2}
 62668 | Crypt:3  | Identified the amulet of Filiyqepn {Regen+ rCorr Int+2}
 62675 | Crypt:3  | Reached skill level 22 in Earth Magic
 62830 | Crypt:3  | Found a basalt altar of Yredelemnul.
 62832 | Crypt:3  | Found an ancient bone altar of Kikubaaqudgha.
 63192 | Crypt:1  | Found an ancient bone altar of Kikubaaqudgha.
 63627 | Slime:1  | Entered Level 1 of the Pits of Slime
 63627 | Slime:1  | Received a gift from Nemelex Xobeh
 64501 | Slime:1  | Reached skill level 23 in Earth Magic
 65149 | Slime:3  | Reached XP level 26. HP: 177/177 MP: 39/42
 65278 | Slime:2  | Received a gift from Nemelex Xobeh
 65653 | Slime:4  | Reached skill level 24 in Earth Magic
 65770 | Slime:4  | Learned a level 9 spell: Shatter
 65962 | Slime:3  | Received a gift from Nemelex Xobeh
 66050 | Slime:5  | Entered Level 5 of the Pits of Slime
 66280 | Slime:4  | Reached skill level 25 in Earth Magic
 66588 | Slime:5  | Noticed the Royal Jelly
 66600 | Slime:5  | Received a gift from Nemelex Xobeh
 66600 | Slime:5  | Found a viscous altar of Jiyva.
 66608 | Slime:5  | Got a slimy rune of Zot
 66619 | Slime:5  | Got the Directory of Reagents and Cinders
 66621 | Slime:5  | Acquired 712 gold pieces
 66627 | Slime:5  | Identified the +0 helmet of the Fortifying Gods {Slay+2}
 66767 | Slime:5  | Killed the Royal Jelly
 68484 | Vaults:5 | Entered Level 5 of the Vaults
 68701 | Vaults:5 | Identified the +9 long sword "Demo" {flame, rPois Str+4}
 68866 | Vaults:5 | Received a gift from Nemelex Xobeh
 69060 | Vaults:5 | Identified the +1 cloak of Gozag {Slay+4}
 69137 | Vaults:5 | Identified the +5 chain mail "Gilagut" {Slay+3}
 69400 | Vaults:5 | Reached XP level 27. HP: 149/184 MP: 6/42
 69418 | Vaults:5 | Got Hermetics, Part Five
 69616 | Vaults:5 | Paralysed by a sphinx for 5 turns
 69767 | Vaults:5 | Identified the +4 mace of Idex {pain, rF+}
 70050 | Vaults:5 | Found Xorphyenk's Magic Scroll Shop.
 70057 | Vaults:5 | Bought a scroll of revelation for 150 gold pieces
 70057 | Vaults:5 | Bought a scroll of blinking for 150 gold pieces
 70057 | Vaults:5 | Bought a scroll of blinking for 150 gold pieces
 70060 | Vaults:5 | Got a silver rune of Zot
 70680 | Zot:1    | Entered Level 1 of the Realm of Zot
 70680 | Zot:1    | Received a gift from Nemelex Xobeh
 70684 | Zot:1    | Reached skill level 1 in Summonings
 70698 | Depths:4 | Learned a level 7 spell: Spellforged Servitor
 70838 | Zot:1    | Noticed Parghit
 71049 | Zot:1    | Killed Parghit
 71186 | Zot:1    | Identified the +7 dagger of Blood-Lust {pain, *Rage rElec
                  | rF+++ Int+2}
 71264 | Zot:1    | Reached skill level 5 in Summonings
 71697 | Zot:1    | Received a gift from Nemelex Xobeh
 72526 | Zot:2    | Noticed an orb of fire
 72537 | Zot:2    | Gained mutation: You do not regenerate when monsters are
                  | visible. [an orb of fire]
 72542 | Zot:2    | Killed an orb of fire
 72543 | Zot:2    | Lost mutation: You do not regenerate when monsters are
                  | visible. [potion of mutation]
 72543 | Zot:2    | Gained mutation: You have hidden genetic potential. [potion
                  | of mutation]
 73032 | Zot:2    | Received a gift from Nemelex Xobeh
 73293 | Zot:3    | Received a gift from Nemelex Xobeh
 73877 | Zot:3    | Noticed an orb of fire
 73883 | Zot:3    | Killed an orb of fire
 74261 | Zot:3    | Reached skill level 10 in Summonings
 74744 | Zot:3    | Received a gift from Nemelex Xobeh
 75387 | Zot:4    | Reached skill level 26 in Earth Magic
 75451 | Zot:4    | Noticed Vv
 75455 | Zot:4    | Killed Vv
 75456 | Zot:4    | Reached skill level 15 in Invocations
 76486 | Zot:5    | Entered Level 5 of the Realm of Zot
 76836 | Zot:5    | Noticed an orb of fire
 77186 | Zot:5    | Noticed an orb of fire
 77189 | Zot:5    | Gained mutation: You sometimes lose your temper in combat.
                  | [an orb of fire]
 77190 | Zot:5    | Killed an orb of fire
 77213 | Zot:4    | Lost mutation: You have hidden genetic potential. [potion
                  | of mutation]
 77213 | Zot:4    | Lost mutation: You sometimes lose your temper in combat.
                  | [potion of mutation]
 77213 | Zot:4    | Gained mutation: You sometimes lose your temper in combat.
                  | [potion of mutation]
 77213 | Zot:4    | Gained mutation: You have a pair of small horns on your
                  | head. [potion of mutation]
 77213 | Zot:4    | Gained mutation: You expend magic power (3 MP) to
                  | strengthen your wands. [potion of mutation]
 77214 | Zot:4    | Lost mutation: You expend magic power (3 MP) to strengthen
                  | your wands. [potion of mutation]
 77214 | Zot:4    | Lost mutation: You have a pair of small horns on your head.
                  | [potion of mutation]
 77214 | Zot:4    | Gained mutation: You are partially covered in large bone
                  | plates. (SH +4) [potion of mutation]
 77214 | Zot:4    | Gained mutation: You have hidden genetic potential. [potion
                  | of mutation]
 77214 | Zot:4    | Gained mutation: Your mind is acute. (Int +4, Str/Dex -1)
                  | [potion of mutation]
 77464 | Zot:5    | Gained mutation: You are occasionally teleported next to
                  | monsters. [an orb of fire]
 77466 | Zot:5    | Killed an orb of fire
 77469 | Zot:4    | Lost mutation: You are partially covered in large bone
                  | plates. (SH +4) [potion of mutation]
 77469 | Zot:4    | Lost mutation: You have hidden genetic potential. [potion
                  | of mutation]
 77469 | Zot:4    | Gained mutation: You are robust. (+10% HP) [potion of
                  | mutation]
 77470 | Zot:4    | Lost mutation: You sometimes lose your temper in combat.
                  | [potion of mutation]
 77470 | Zot:4    | Lost mutation: You are robust. (+10% HP) [potion of
                  | mutation]
 77470 | Zot:4    | Lost mutation: Your mind is acute. (Int +4, Str/Dex -1)
                  | [potion of mutation]
 77470 | Zot:4    | Gained mutation: Armour fits poorly on your strangely
                  | shaped body. [potion of mutation]
 77470 | Zot:4    | Gained mutation: You have a pair of small horns on your
                  | head. [potion of mutation]
 77470 | Zot:4    | Gained mutation: Your mind is acute. (Int +4, Str/Dex -1)
                  | [potion of mutation]
 77471 | Zot:4    | Lost mutation: Your mind is acute. (Int +4, Str/Dex -1)
                  | [potion of mutation]
 77471 | Zot:4    | Lost mutation: Armour fits poorly on your strangely shaped
                  | body. [potion of mutation]
 77471 | Zot:4    | Lost mutation: You have a pair of small horns on your head.
                  | [potion of mutation]
 77471 | Zot:4    | Gained mutation: You have hidden genetic potential. [potion
                  | of mutation]
 77471 | Zot:4    | Gained mutation: Armour fits poorly on your strangely
                  | shaped body. [potion of mutation]
 77727 | Zot:5    | Received a gift from Nemelex Xobeh
 78315 | Zot:5    | Reached skill level 27 in Earth Magic
 78468 | Zot:5    | Gained mutation: You sometimes lose your temper in combat.
                  | [mutagenic glow]
 78469 | Zot:5    | Lost mutation: Armour fits poorly on your strangely shaped
                  | body. [potion of mutation]
 78469 | Zot:5    | Lost mutation: You have hidden genetic potential. [potion
                  | of mutation]
 78469 | Zot:5    | Lost mutation: You sometimes lose your temper in combat.
                  | [potion of mutation]
 78469 | Zot:5    | Gained mutation: You are partially covered in iridescent
                  | scales. (AC +2) [potion of mutation]
 78469 | Zot:5    | Gained mutation: You occasionally shout uncontrollably at
                  | your foes. [potion of mutation]
 78469 | Zot:5    | Gained mutation: Your muscles are strong. (Str +4, Int/Dex
                  | -1) [potion of mutation]
 78477 | Zot:5    | Gained mutation: You are dopey. (Int -2) [mutagenic glow]
 78527 | Zot:5    | Noticed an ancient lich
 78556 | Zot:5    | Killed an ancient lich
 78812 | Zot:5    | Noticed a dread lich
 78832 | Zot:5    | Killed a dread lich
 78926 | Zot:5    | Noticed an orb of fire
 78931 | Zot:5    | Gained mutation: You frequently scream uncontrollably at
                  | your foes. [an orb of fire]
 78935 | Zot:5    | Noticed an orb of fire
 78936 | Zot:5    | Banished an orb of fire
 78946 | Zot:5    | Banished an orb of fire
 79296 | Zot:5    | Received a gift from Nemelex Xobeh
 79473 | Zot:5    | Learned a level 1 spell: Apportation
 79635 | Zot:5    | Got the Orb of Zot
 80070 | D:5      | Noticed Sicupem the pandemonium lord
 80175 | D:$      | Escaped with the Orb!

Illustrated notes

Levels and vault maps discovered:
D:1:      dpeg_arrival_pits, layout_basic
D:2:      layout_rooms, serial_shops, shop, uniq_crazy_yiuf_cottage
D:3:      layout_rooms, gammafunk_ghost_mausoleum, nicolae_ecumenical_oubliette,
          minmay_fractal_squares_diagonal_5
D:4:      layout_basic
D:5:      layout_cave_pools, minmay_misc_feat_room
D:6:      layout_layer_cave, uniq_eustachio
D:7:      layout_loops_cross, minmay_temple_entry_gardened_gates,
          kennysheep_generic_room_15
D:8:      layout_basic, nicolae_qazlal_general_emergency, minmay_ruined_shrine,
          uniq_grum
D:9:      layout_roguey, serial_shops, nicolae_shop_crystal,
          gammafunk_ghost_wrathful_warriors,
          hangedman_abyss_or_decor_lesser_grid
D:10:     minmay_the_grid_triangle_9x9_rhombus_full
          [minmay_the_grid_triangle_9x9_stretched_checkered,
          minmay_the_grid_triangle_9x9_descending_squares,
          minmay_the_grid_triangle_9x9_warning,
          minmay_the_grid_triangle_9x9_empty,
          minmay_the_grid_triangle_9x9_from_above,
          minmay_the_grid_triangle_9x9_pentomino_pain,
          minmay_the_grid_triangle_9x9_zippers_vertical,
          minmay_the_grid_triangle_9x9_prize_special], layout_basic,
          david_orc_3, enter_bailey_4, uniq_harold
D:11:     layout_roguey, erik_lair_dragon, uniq_nergalle
D:12:     layout_big_octagon, serial_shops, bzr_entry_dummy
D:13:     layout_layer_cave
D:14:     evilmike_iron_armoury, layout_rooms, hellmonk_vaults_order_and_chaos,
          hangedman_abyss_or_decor_clamps
D:15:     hellmonk_depths_entry_around_the_bend, layout_loops_ring,
          minmay_misc_feat_enclosed
Temple:   mainiacjoe_temple_hex_bubbles
Lair:1:   layout_cave_pods, serial_bayou_shore_b, grunt_megastairs_1
Lair:2:   layout_cave_pods, guppyfry_snake_entry_garden, gauntlet_entry_generic,
          beast_lair_carwin_10, uniq_gastronok
Lair:3:   layout_misc_corridors, swamp_mist, hangedman_lair_unloving_vines,
          beast_lair_carwin_8, grunt_megastairs_3, serial_bayou_shore_b,
          infiniplex_staircase_pool_2, uniq_sonja, uniq_fannar
Lair:4:   layout_layer_cave, slime_entry_1, portal_ice_cave_entry_imps,
          hellmonk_talismancer, lemuel_fruit_tree, lemuel_fruit_fields
Lair:5:   grunt_lair_end_beastmaster, layout_regular_city
Swamp:1:  layout_basic_swamp, infiniplex_staircase_pool, uniq_donald
Swamp:2:  layout_basic_swamp, evilmike_swamp_ruin_rubble_1
Swamp:3:  layout_falls_marsh, evilmike_swamp_ruin_house_2
Swamp:4:  swamp, layout_basic_swamp, swamp_pool_4, uniq_roxanne
Snake:1:  layout_misc_corridors
Snake:2:  layout_chambers, gammafunk_ghost_abyssal_escape,
          hangedman_corner_corridor, uniq_mlioglotl
Snake:3:  layout_chambers, basic_altar
Snake:4:  snake_pit_salamanders_mu, layout_cave_town, serial_bayou_pond_b,
          drop_trap, uniq_agnes, uniq_asterion
Slime:1:  layout_caves
Slime:2:  layout_caves
Slime:3:  layout_caves, nicolae_slime_crime_time
Slime:4:  layout_caves
Slime:5:  slime_pit_nicolae_royal_road_to_ruin
Orc:1:    layout_caves, basic_altar, nicolae_shop_self_help
Orc:2:    grunt_orc_tribal_feast, layout_diamond_mine, david_defended_altar_orc,
          uniq_jorgrun, uniq_rupert
Elf:1:    minmay_elf_arrival_plus, layout_geoelf_grid, hangedman_elf_represent,
          minmay_shoptagon
Elf:2:    elven_hall_of_blades_hangedman_original [nicolae_blade_lattice],
          layout_geoelf_octagon, serial_shops, nicolae_shop_back_alley_shop,
          uniq_nikola
Elf:3:    elf_hall_gauntlet_narrow, layout_geoelf_diagonals,
          serial_sigils_hangedman_shear, uniq_louise, uniq_aizul
Vaults:1: nicolae_vaults_house_2, vaults_dpeg_emergency_exit,
          nicolae_vaults_network_star, hangedman_vaults_stitches,
          nicolae_vaults_triangles, v_misc_30, nicolae_vaults_closet_pinwheel_3,
          v_pattern_5, nicolae_vaults_security_offices_4,
          nicolae_vaults_rhombus_5, grunt_vaults_hallway_long,
          nicolae_vaults_tetromino_T_1, layout_vaults_ring
Vaults:2: serial_library_regret_index_small_wings, nicolae_vaults_shelves_hall,
          vaults_room_corners, hangedman_vaults_nails, nicolae_vaults_network_s,
          v_alt_pattern_1, nicolae_vaults_closet_pinwheel_3,
          minmay_crypt_entry_necro_gods, vaults_room_stairs_pillars,
          nicolae_vaults_tetromino_T_1, nicolae_vaults_house_2,
          nicolae_vaults_tetromino_Z_1, nicolae_vaults_corridor_and_loot_room,
          hangedman_vaults_nails, layout_vaults_maze_snakey, serial_shops, shop,
          uniq_zenata, uniq_saint_roka
Vaults:3: ontoclasm_vaults_shuriken, ontoclasm_vaults_fault,
          nicolae_vaults_apartment_2, vaults_room_guarded_vault,
          nicolae_vaults_double_plus_1, nicolae_vaults_little_squares_5,
          vaults_room_grunt_arrival_checkpoint, nicolae_vaults_little_squares_1,
          layout_vaults_big_room, serial_shops, bzr_firewalk
Vaults:4: grunt_vaults_bifocal, nicolae_vaults_swerve, hangedman_vaults_snaps,
          nicolae_vaults_octothorpe, dpeg_vaults_monster_box,
          nicolae_vaults_layer_cake_slice, vaults_room_hangedman_quadrants,
          nicolae_vaults_closet_pinwheel_2, hangedman_vaults_capsules,
          nicolae_vaults_alarming, layout_vaults_big_cross, serial_shops, shop
Vaults:5: serial_shops
Crypt:1:  layout_chaotic_city, lemuel_upstairs_altar, grunt_crypt_arrival_split,
          roderic_lattice_octagonal_star
Crypt:2:  layout_chaotic_city, grunt_ministairs_2, st_stairs_8, hex_medium,
          nicolae_crypt_more_like_crabt
Crypt:3:  lightli_unholy_cathedral, layout_chaotic_city,
          serial_co_window_serial, co_window_of_opportunity_a,
          co_window_corner_a, co_window_corner_a, co_window_of_opportunity_a,
          co_window_paths_a, co_window_paths_c, co_window_paths_c,
          co_window_of_opportunity_b, co_window_corner_b, co_window_4corner_a,
          glass_columns_a, glass_columns_b, glass_columns_b, glass_columns_b,
          glass_columns_c, minivault_25, uniq_jory
Depths:1: minmay_inside_and_out, layout_honeycomb, enter_ziggurat_a, hell_entry,
          minmay_misc_feat_encased, serial_shops, nicolae_shop_advertising_works
          [nicolae_subvault_shop_adworks], nicolae_ru_sacrificial_ziggurat,
          uniq_norris
Depths:2: minmay_tile_spiral, layout_cave_pools, pan_entry,
          nicolae_abyss_entry_one_way_or_another, grunt_mini_vestibule,
          minmay_staircase_bubble
Depths:3: evilmike_inaccessible_box, layout_honeycomb, abyss_entry_flame_altar,
          kiku_gazebo_garden_becter, lightli_enter_wizlab_magi_temple,
          hell_entry, evilmike_spriggan_trog_shrine, serial_bayou_shore_b
Depths:4: grunt_twist_and_shout, layout_basic, hell_entry, minmay_shop_grove,
          serial_bayou_shore_b, infiniplex_staircase_pool_lava
Zot:1:    layout_misc_corridors, regret_index_zotdec_icy_dp, evilmike_ambush
          [evilmike_ambush_outer_corners, evilmike_ambush_inner_basic],
          uniq_parghit
Zot:2:    layout_basic
Zot:3:    lemuel_firehouse, layout_cathedral_of_symmetry,
          regret_index_zotdec_barnacled_alternative
Zot:4:    layout_twisted_circle, regret_index_zotdec_twisting_globes, uniq_vv
Zot:5:    layout_gridlike

Skill      XL: |  1  2  3  4  5  6  7  8  9 10 11 12 13 14 15 16 17 18 19 20 21 22 23 24 25 26 27 |
---------------+----------------------------------------------------------------------------------+-----
Conjurations   | 2 4 5 6 7 9 11 12 17 19 20 | 20.0
Earth Magic    | 4 5 6 7 9 10 11 12 14 15 17 20 23 25 27 | 27.0
Fighting       | 1 2 3 4 5 7 9 10 11 12 13 14 15 16 21 22 24 | 24.0
Dodging        | 2 3 4 5 6 9 |  9.0
Spellcasting   | 3 4 6 8 10 11 13 14 15 16 | 16.0
Long Blades    | 2 |  2.0
Evocations     | 2 4 5 6 |  6.0
Staves         | 2 |  2.0
Stealth        | 3 4 5 6 |  6.0
Short Blades   | 4 6 8 9 10 12 13 | 13.9
Alchemy        | 3 4 5 6 |  6.0
Translocations | 3 4 5 |  5.0
Armour         | 2 4 7 11 13 | 13.5
Invocations    | 7 8 9 11 12 14 15 | 15.0
Air Magic      | 5 6 7 8 10 | 10.0
Fire Magic     | 1 10 14 | 14.0
Shields        | 5 8 9 10 11 12 14 | 14.2
Necromancy     | 2 5 |  5.0
Summonings     | 11 | 11.0

Action                     |  1- 3 |  4- 6 |  7- 9 | 10-12 | 13-15 | 16-18 | 19-21 | 22-24 | 25-27 || total
---------------------------+-------+-------+-------+-------+-------+-------+-------+-------+-------++-------
  Melee: Unarmed           |     1 |       |       |       |       |       |       |       |       ||     1
         Scimitar          |       |     2 |    12 |       |       |       |       |       |       ||    14
         Staff             |       |       |    34 |       |       |       |       |       |       ||    34
         Punch             |       |       |     2 |     3 |    16 |       |       |       |       ||    21
         Quick blade       |       |       |    50 |   384 |   893 |  1038 |  1070 |  1514 |  2932 ||  7881
   Fire: Sling             |    21 |    21 |       |       |       |       |       |       |       ||    42
  Throw: Dart              |       |       |       |       |     2 |       |       |       |       ||     2
   Cast: Sandblast         |    37 |    68 |    45 |    13 |       |       |       |       |       ||   163
         Stone Arrow       |       |     4 |    12 |   143 |   390 |   299 |    82 |       |       ||   930
         Brom's Barrelling |       |       |     3 |    59 |    65 |    14 |     2 |     1 |       ||   144
         Blink             |       |       |       |     4 |     3 |       |       |     1 |       ||     8
         Petrify           |       |       |       |    13 |    13 |     6 |     1 |     2 |       ||    35
         Mephitic Cloud    |       |       |       |       |    76 |    35 |    40 |    25 |       ||   176
         Arcjolt           |       |       |       |       |    20 |    74 |    42 |    33 |    34 ||   203
         Borgnjor's Vile C |       |       |       |       |       |    75 |    29 |    11 |     3 ||   118
         Irradiate         |       |       |       |       |       |    37 |    10 |    36 |    26 ||   109
         Plasma Beam       |       |       |       |       |       |       |   177 |   273 |   125 ||   575
         Vhi's Electric Ch |       |       |       |       |       |       |    24 |    93 |    32 ||   149
         Fugue of the Fall |       |       |       |       |       |       |       |    28 |    30 ||    58
         Passwall          |       |       |       |       |       |       |       |    16 |     1 ||    17
         Bombard           |       |       |       |       |       |       |       |    10 |       ||    10
         Lehudib's Crystal |       |       |       |       |       |       |       |     8 |    54 ||    62
         Shatter           |       |       |       |       |       |       |       |       |    71 ||    71
         Spellforged Servi |       |       |       |       |       |       |       |       |    16 ||    16
         Apportation       |       |       |       |       |       |       |       |       |     4 ||     4
 Invoke: Draw Destruction  |       |       |       |       |     9 |     1 |       |       |       ||    10
         Draw Summoning    |       |       |       |       |     2 |     2 |       |       |     4 ||     8
         Deal Four         |       |       |       |       |       |     1 |       |       |     1 ||     2
         Draw Escape       |       |       |       |       |       |       |     1 |       |     2 ||     3
Ability: Evoke the Staff o |       |       |    23 |       |       |       |       |       |       ||    23
  Evoke: Wand              |       |       |       |     4 |     3 |     5 |       |       |     1 ||    13
         Sack of spiders   |       |       |       |       |       |     1 |       |       |       ||     1
         Phial of floods   |       |       |       |       |       |       |       |     1 |     1 ||     2
         Condenser vane    |       |       |       |       |       |       |       |       |     1 ||     1
    Use: Scroll            |       |       |    10 |     7 |    12 |    10 |     7 |     7 |    18 ||    71
         Potion            |       |       |     1 |       |     2 |     1 |     3 |     4 |    22 ||    33
   Stab: Petrified         |       |       |       |    16 |    13 |    10 |       |       |       ||    39
         Petrifying        |       |       |       |     4 |     3 |       |     1 |       |       ||     8
         Sleeping          |       |       |       |     1 |     2 |     3 |    10 |     4 |     4 ||    24
         Confused          |       |       |       |       |    25 |    15 |    28 |    14 |       ||    82
         Paralysed         |       |       |       |       |     1 |       |       |       |       ||     1
         Distracted        |       |       |       |       |       |     2 |       |       |     6 ||     8
         Invisible         |       |       |       |       |       |       |       |       |     3 ||     3
 Armour: Robe              |     5 |       |       |       |   236 |       |       |       |       ||   241
         Leather armour    |       |    20 |    56 |       |       |       |       |       |       ||    76
         Ring mail         |       |       |    24 |    12 |     9 |   576 |   320 |   591 |  1050 ||  2582
         Steam dragon scal |       |       |       |    84 |       |       |       |       |       ||    84
         Acid dragon scale |       |       |       |    71 |    36 |       |       |       |       ||   107
  Dodge: Dodged            |    14 |    22 |    57 |   141 |   166 |   188 |   108 |   206 |   371 ||  1273
  Block: Kite shield       |       |       |       |       |     7 |   217 |   235 |   474 |  1198 ||  2131
         Buckler           |       |       |       |       |     1 |    48 |       |       |       ||    49

Table legend: (Time is in decaauts)
 A = Elapsed time spent in this place.
 B = Non-inter-level travel time spent in this place.
 C = Inter-level travel time spent in this place.
 D = Time resting spent in this place.
 E = Time spent auto-exploring this place.
 F = Levels seen in this place.
 G = Mean time per level.
                   A        B        C        D        E       F      G
               +--------+--------+--------+--------+--------+-----+--------+
         Total |  78810 |  73863 |   4947 |   8397 |  47947 |  62 | 1271.1 |
       Dungeon |  15989 |  14257 |   1732 |    848 |  10330 |  15 | 1065.9 |
        Temple |     19 |     19 |      0 |      0 |      0 |   1 |   19.0 |
          Lair |   7327 |   6778 |    549 |    435 |   4535 |   5 | 1465.4 |
         Swamp |   3597 |   3474 |    123 |    211 |   2601 |   4 |  899.2 |
     Snake Pit |   6890 |   6647 |    243 |    409 |   4940 |   4 | 1722.5 |
    Slime Pits |   4156 |   4071 |     85 |    677 |   2339 |   5 |  831.2 |
  Orcish Mines |   2522 |   2286 |    236 |    350 |   1394 |   2 | 1261.0 |
   Elven Halls |   4677 |   4405 |    272 |    335 |   2841 |   3 | 1559.0 |
        Vaults |   8326 |   7536 |    790 |     31 |   5644 |   5 | 1665.2 |
         Crypt |   5105 |   4777 |    328 |    288 |   3502 |   3 | 1701.7 |
        Depths |   8584 |   8280 |    304 |   2263 |   4409 |   4 | 2146.0 |
           Zot |   8464 |   8183 |    281 |   1656 |   4728 |   5 | 1692.8 |
        Bazaar |    145 |    145 |      0 |      0 |     86 |   2 |   72.5 |
        Bailey |    358 |    358 |      0 |     32 |    117 |   1 |  358.0 |
      Ice Cave |   1013 |   1013 |      0 |    364 |      0 |   1 | 1013.0 |
        Wizlab |   1112 |   1112 |      0 |    321 |    363 |   1 | 1112.0 |
      Gauntlet |    516 |    516 |      0 |    173 |    117 |   1 |  516.0 |
               +--------+--------+--------+--------+--------+-----+--------+

Top non-repeatable levels by time:
Depths:3: 2745 daAuts
 Crypt:3: 2390 daAuts
 Snake:4: 2249 daAuts
Depths:2: 2165 daAuts
   Zot:4: 2156 daAuts
   Zot:3: 2154 daAuts
   Zot:5: 1966 daAuts
Depths:4: 1966 daAuts
 Snake:3: 1953 daAuts
Vaults:1: 1931 daAuts
   Elf:3: 1923 daAuts
  Lair:4: 1885 daAuts
Vaults:5: 1831 daAuts
 Snake:2: 1749 daAuts
Depths:1: 1706 daAuts
